[Event "Titled Tuesday Blitz February 01 A 2022"]
[White "Sadhwani, Raunak"]
[Black "Wong, Yinn Long"]
[WhiteFideId "35093487"]
[BlackFideId "5707684"]
[WhiteElo "2993"]
[BlackElo "2863"]
[Result "1-0"]
[Round "08"]
[TimeControl "180+1"]
[Date "2022.02.01"]
[WhiteClock "0:00:52"]
[BlackClock "0:00:03"]

1. d4 Nf6 2. Nf3 e6 3. Bf4 d5 4. e3 Bd6 5. Nbd2 Bxf4 6. exf4 O-O 7. h4 c5 8. c3 b6 9. h5 Ba6 10. Bxa6 Nxa6 11. h6 g6 12. Qe2 Nc7 13. Ne5 Nce8 14. Ndf3 Nd6 15. Rd1 Qe7 16. g3 Rac8 17. Kf1 Rc7 18. Kg2 Rfc8 19. a4 Qe8 20. a5 bxa5 21. Ra1 c4 22. Rxa5 Rb7 23. Rha1 Qe7 24. Ng5 Nfe8 25. Ng4 Nf5 26. Ra6 Rcc7 27. Nxe6 Rc8 28. Re1 Rb6 29. Rxb6 axb6 30. Ng5 Qxe2 31. Rxe2 Ned6 32. Re5 Ne8 33. Rxe8+ Rxe8 34. Nf6+ Kf8 35. Ngxh7+ Ke7 36. Nxe8 Kxe8 37. Nf6+ Kf8 38. Nxd5 Nxh6 39. Nxb6 Ke8 40. Nxc4 Nf5 41. Ne3 Ke7 42. Nxf5+ gxf5 1-0


[Site "https://www.chess.com"]

[Event "Titled Tuesday Blitz February 01 A 2022"]
[White "Sarana, Alexey"]
[Black "Kosteniuk, Alexandra"]
[WhiteFideId "24133795"]
[BlackFideId "4128125"]
[WhiteElo "3082"]
[BlackElo "2720"]
[Result "1-0"]
[Round "08"]
[TimeControl "180+1"]
[Date "2022.02.01"]
[WhiteClock "0:00:53"]
[BlackClock "0:00:07"]

1. d4 Nf6 2. c4 e6 3. Nc3 Bb4 4. e3 b6 5. Ne2 Ne4 6. f3 Nxc3 7. bxc3 Be7 8. e4 d6 9. Ng3 Nc6 10. Bd3 Na5 11. O-O Ba6 12. Qe2 c5 13. d5 Qc7 14. f4 O-O-O 15. f5 Bf6 16. Bd2 Rde8 17. fxe6 fxe6 18. Nh5 Be5 19. Qg4 Kb8 20. Nf4 Bxf4 21. Bxf4 e5 22. Bg5 Bxc4 23. Bxc4 Nxc4 24. Rf2 Rhf8 25. Raf1 Rxf2 26. Rxf2 Qc8 27. Qe2 Na5 28. Rf7 h6 29. Be3 g5 30. Rf6 Qd7 31. Rxh6 g4 32. Bg5 Nb7 33. Rh4 Qa4 34. Rxg4 Qa3 35. Qc2 c4 36. h4 Nc5 37. Be3 Nd3 38. h5 Qa6 39. h6 Rh8 40. Rg7 Qc8 41. Qe2 Qe8 42. Qf3 Rf8 43. Qg4 Qb5 44. h7 Qb1+ 45. Kh2 Qe1 46. Rg8 1-0


[Site "https://www.chess.com"]

[Event "Titled Tuesday Blitz February 01 A 2022"]
[White "Saravana, Krishnan P."]
[Black "Corrales Jimenez, Fidel"]
[WhiteFideId "5018382"]
[BlackFideId "3506690"]
[WhiteElo "2584"]
[BlackElo "2835"]
[Result "0-1"]
[Round "08"]
[TimeControl "180+1"]
[Date "2022.02.01"]
[WhiteClock "0:00:05"]
[BlackClock "0:00:12"]

1. e4 c5 2. Nf3 d6 3. Bb5+ Nd7 4. O-O Nf6 5. Ba4 e6 6. c4 Be7 7. Nc3 O-O 8. d4 cxd4 9. Nxd4 a6 10. Be3 Qc7 11. Bb3 b6 12. f3 Bb7 13. Rc1 Rac8 14. Kh1 Rfd8 15. a3 Qb8 16. Qe1 Nc5 17. Bc2 g6 18. Qf2 d5 19. cxd5 exd5 20. Rce1 Bd6 21. Qh4 Nh5 22. exd5 Re8 23. Bg1 Bg3 24. Rxe8+ Rxe8 25. Qh3 Bc8 26. Bf5 Bxf5 27. Nxf5 Be5 28. g3 Nd3 29. Nh6+ Kg7 30. Ng4 Nxb2 31. Ne4 f5 32. Nxe5 Qxe5 33. Ng5 Qxd5 34. Qg2 Nc4 35. Rc1 h6 36. Nh3 b5 37. a4 Qd3 38. axb5 Re2 39. Qf1 axb5 40. Rd1 Nd2 41. Rxd2 Qxd2 42. Qa1+ Kf7 43. Qa7+ Re7 44. Qc5 Qd3 45. Kg2 g5 46. Nf2 Qd7 47. Qc3 Nf6 48. Nd3 Qe6 49. Bd4 Qe2+ 50. Bf2 g4 51. fxg4 fxg4 52. Ne5+ Qxe5 53. Qb3+ Qe6 54. Qd3 Qd5+ 55. Qxd5+ Nxd5 0-1


[Site "https://www.chess.com"]

[Event "Titled Tuesday Blitz February 01 A 2022"]
[White "Savchenko, Boris"]
[Black "Grischuk, Alexander"]
[WhiteFideId "4147332"]
[BlackFideId "4126025"]
[WhiteElo "2881"]
[BlackElo "3035"]
[Result "1-0"]
[Round "08"]
[TimeControl "180+1"]
[Date "2022.02.01"]
[WhiteClock "0:00:38"]
[BlackClock "0:00:03"]

1. e4 c6 2. d4 d5 3. Nc3 dxe4 4. Nxe4 Nd7 5. Ng5 h6 6. Ne6 Qb6 7. Nxf8 Nxf8 8. Qd3 Nf6 9. Nf3 Ne6 10. Be2 O-O 11. b3 Rd8 12. Bb2 c5 13. O-O-O Nxd4 14. Nxd4 e5 15. c3 exd4 16. cxd4 Bg4 17. Bxg4 Nxg4 18. Qf5 Qg6 19. Qxg6 fxg6 20. Rd2 cxd4 21. h3 Rac8+ 22. Kb1 Nf6 23. Rxd4 Kf7 24. Rhd1 Rxd4 25. Bxd4 Rd8 26. Kc2 a6 27. a3 g5 28. Rd3 g4 29. Bxf6 Rxd3 30. Kxd3 Kxf6 31. hxg4 Kg5 32. f3 Kf4 33. Ke2 Kg3 34. Kf1 a5 35. a4 Kh2 36. Kf2 g5 37. Kf1 Kg3 38. Kg1 Kf4 39. Kf2 1-0


[Site "https://www.chess.com"]

[Event "Titled Tuesday Blitz February 01 A 2022"]
[White "Shimanov, Aleksandr"]
[Black "Garriga Cazorla, Pere"]
[WhiteFideId "4198603"]
[BlackFideId "32011601"]
[WhiteElo "2873"]
[BlackElo "2719"]
[Result "1-0"]
[Round "08"]
[TimeControl "180+1"]
[Date "2022.02.01"]
[WhiteClock "0:00:27"]
[BlackClock "0:00:05"]

1. b3 e5 2. Bb2 Nc6 3. c4 Nf6 4. Nf3 e4 5. Nd4 Nxd4 6. Bxd4 d5 7. e3 Be7 8. Nc3 dxc4 9. Bxc4 O-O 10. Rc1 Bf5 11. Qc2 Re8 12. b4 Bg6 13. b5 Bd6 14. h3 Nd7 15. Bd5 Qg5 16. O-O Bf5 17. Bxe4 Bxh3 18. f4 Qg3 19. Ne2 Qh4 20. gxh3 Re6 21. Bf5 Rae8 22. Rf3 Nf6 23. Bxe6 Rxe6 24. Bxf6 Rxf6 25. Kh2 g5 26. Rg1 Kf8 27. Qe4 gxf4 28. Nxf4 Rh6 29. Rgg3 Rf6 30. Ne6+ 1-0


[Site "https://www.chess.com"]

[Event "Titled Tuesday Blitz February 01 A 2022"]
[White "Shyaamnikhil P"]
[Black "Kanyamarala, Tarun"]
[WhiteFideId "5024218"]
[BlackFideId "45004714"]
[WhiteElo "2292"]
[BlackElo "2144"]
[Result "1-0"]
[Round "08"]
[TimeControl "180+1"]
[Date "2022.02.01"]
[WhiteClock "0:00:19"]
[BlackClock "0:00:03"]

1. d4 f5 2. g4 d5 3. gxf5 Bxf5 4. Bh3 Bxh3 5. Nxh3 Qd7 6. Qd3 Nc6 7. Ng5 Nf6 8. c3 e5 9. dxe5 Nxe5 10. Qe3 Qe7 11. f4 Nc4 12. Qxe7+ Kxe7 13. b3 Nd6 14. Ba3 Kd7 15. Rg1 h6 16. Bxd6 Bxd6 17. Nf7 Rhg8 18. Nxd6 Kxd6 19. Nd2 Rae8 20. Nf3 Ne4 21. Rg6+ Re6 22. Rxe6+ Kxe6 23. Rd1 c6 24. c4 dxc4 25. bxc4 Rf8 26. e3 g5 27. Rd4 Nc3 28. Kd2 Nxa2 29. c5 gxf4 30. exf4 Rg8 31. Rd6+ Kf5 32. Ke3 Nb4 33. Nd4+ Kg4 34. f5 Nd5+ 35. Ke4 Re8+ 36. Re6 Nc3+ 37. Ke5 Rd8 38. Rg6+ Kh5 39. Ne6 Rd5+ 40. Kf4 Ne4 41. Kxe4 1-0


[Site "https://www.chess.com"]

[Event "Titled Tuesday Blitz February 01 A 2022"]
[White "Svane, Frederik"]
[Black "Bashirli, Nail"]
[WhiteFideId "12923044"]
[BlackFideId "13406809"]
[WhiteElo "2802"]
[BlackElo "2676"]
[Result "1-0"]
[Round "08"]
[TimeControl "180+1"]
[Date "2022.02.01"]
[WhiteClock "0:00:06"]
[BlackClock "0:00:05"]

1. b3 c5 2. Bb2 d5 3. e3 f6 4. d4 Nc6 5. Nf3 e6 6. Bd3 Bd6 7. O-O Nge7 8. dxc5 Bxc5 9. c4 O-O 10. cxd5 exd5 11. Bxh7+ Kxh7 12. Qc2+ Bf5 13. Qxc5 Rc8 14. Qb5 a6 15. Qe2 Bg4 16. Ng5+ fxg5 17. Qxg4 Nf5 18. Nd2 Nh6 19. Qh5 g4 20. g3 g6 21. Qh4 Qxh4 22. gxh4 Nf5 23. Rac1 Nxh4 24. Rc5 Rf5 25. h3 g3 26. fxg3 Rxf1+ 27. Nxf1 Nf3+ 28. Kf2 Rf8 29. Ke2 Ng1+ 30. Ke1 Nf3+ 31. Ke2 Ng1+ 32. Ke1 Nf3+ 33. Kd1 Nfe5 34. Ke2 Nd3 35. Kxd3 Rxf1 36. Bc3 Rd1+ 37. Kc2 Rg1 38. g4 Rg2+ 39. Kd3 Rxa2 40. Rxd5 Kg8 41. Rd7 Rh2 42. Rxb7 Rxh3 43. Rb6 Ne7 44. Rxa6 Rh1 45. Bd4 Rb1 46. Rb6 Nd5 47. Rb7 Rd1+ 48. Ke4 Nxe3 49. Bxe3 Rf1 50. b4 Rf7 51. Rxf7 Kh8 52. b5 g5 53. b6 Kg8 54. b7 1-0


[Site "https://www.chess.com"]

[Event "Titled Tuesday Blitz February 01 A 2022"]
[White "Svane, Rasmus"]
[Black "Andreikin, Dmitry"]
[WhiteFideId "4657101"]
[BlackFideId "4158814"]
[WhiteElo "2869"]
[BlackElo "3026"]
[Result "0-1"]
[Round "08"]
[TimeControl "180+1"]
[Date "2022.02.01"]
[WhiteClock "0:01:09"]
[BlackClock "0:01:13"]

1. Nf3 g6 2. e4 Bg7 3. d4 d6 4. Bd3 Nf6 5. O-O O-O 6. h3 Nc6 7. Nbd2 e5 8. dxe5 Nxe5 9. Nxe5 dxe5 10. Nc4 Nh5 11. Re1 Be6 12. a4 Qh4 13. Bf1 Rad8 14. Qf3 Nf4 15. b3 f5 16. Qg3 Qf6 17. Bb2 Bxc4 18. Bxc4+ Kh8 19. Rad1 fxe4 20. Rxd8 Qxd8 21. Rxe4 Qd1+ 22. Kh2 Qxc2 23. Bxe5 Qxe4 0-1


[Site "https://www.chess.com"]

[Event "Titled Tuesday Blitz February 01 A 2022"]
[White "Sviridov, Valery"]
[Black "Hess, Robert"]
[WhiteFideId "4120680"]
[BlackFideId "2022036"]
[WhiteElo "2973"]
[BlackElo "2812"]
[Result "1-0"]
[Round "08"]
[TimeControl "180+1"]
[Date "2022.02.01"]
[WhiteClock "0:00:57"]
[BlackClock "0:00:02"]

1. g3 d5 2. Nf3 c6 3. Bg2 Nf6 4. O-O Bf5 5. c4 e6 6. d3 h6 7. cxd5 exd5 8. Nc3 Bh7 9. e4 dxe4 10. dxe4 Qxd1 11. Rxd1 Na6 12. Nd4 Bc5 13. f3 O-O 14. Be3 Rad8 15. a3 Bb6 16. Na4 Nc5 17. Nxb6 axb6 18. Rd2 Nfd7 19. Bf4 Rfe8 20. Rad1 Ne5 21. Bxe5 Rxe5 22. b4 Ne6 23. Nxe6 Rxd2 24. Rxd2 fxe6 25. f4 Rh5 26. Bf3 Rb5 27. Be2 Bxe4 28. Bxb5 cxb5 29. Rd6 Kf7 30. Kf2 Ke7 31. Rd2 Bd5 32. Ke3 Kd6 33. Kd4 g6 34. Re2 Bc4 35. Re3 Bd5 36. g4 Bg2 37. Re5 Bf1 38. h4 Bh3 39. Rxb5 Kc6 40. g5 h5 41. Re5 Kd6 42. a4 Bf5 43. Re1 Bc2 44. a5 bxa5 45. bxa5 Bf5 46. Re2 Kc6 47. Rb2 Bg4 48. Rb6+ Kc7 49. Ke5 Kd7 50. Rxb7+ 1-0


[Site "https://www.chess.com"]

[Event "Titled Tuesday Blitz February 01 A 2022"]
[White "Szpar, Milosz"]
[Black "Zhigalko, Sergei"]
[WhiteFideId "1184989"]
[BlackFideId "13502956"]
[WhiteElo "2735"]
[BlackElo "2861"]
[Result "0-1"]
[Round "08"]
[TimeControl "180+1"]
[Date "2022.02.01"]
[WhiteClock "0:01:08"]
[BlackClock "0:01:32"]

1. e4 c5 2. Nf3 Nc6 3. Bb5 Nf6 4. Nc3 Qc7 5. O-O Nd4 6. Re1 a6 7. Bf1 Ng4 8. e5 h5 9. d3 e6 10. Bf4 d6 11. h3 Nxf3+ 12. Qxf3 Nxe5 13. Qg3 h4 14. Qg5 f6 15. Nd5 exd5 16. Qg6+ Qf7 17. Qxf7+ Kxf7 18. d4 cxd4 19. Rad1 g5 20. Bh2 Nc6 21. c3 Bf5 22. cxd4 Rc8 23. Rc1 Be7 24. Be2 Nxd4 0-1


[Site "https://www.chess.com"]

[Event "Titled Tuesday Blitz February 01 A 2022"]
[White "Vokhidov, Shamsiddin"]
[Black "Shirov, Alexei"]
[WhiteFideId "14204223"]
[BlackFideId "2209390"]
[WhiteElo "2853"]
[BlackElo "2899"]
[Result "1-0"]
[Round "08"]
[TimeControl "180+1"]
[Date "2022.02.01"]
[WhiteClock "0:00:19"]
[BlackClock "0:00:14"]

1. e4 e5 2. Nf3 Nc6 3. Bb5 a6 4. Ba4 Nf6 5. O-O b5 6. Bb3 Bc5 7. c3 d6 8. d4 Bb6 9. Be3 Bg4 10. Nbd2 O-O 11. h3 Bh5 12. dxe5 Bxe3 13. exf6 Bxd2 14. fxg7 Kxg7 15. Qxd2 Bxf3 16. gxf3 Ne5 17. Qe3 Qh4 18. f4 Nc4 19. Bxc4 bxc4 20. Kh2 Kh8 21. Rg1 Rg8 22. Rxg8+ Rxg8 23. Rg1 Rxg1 24. Kxg1 Qh5 25. Kg2 Kg8 26. Qg3+ Kf8 27. Qg4 Qb5 28. Qc8+ Kg7 29. Qxc7 Qxb2 30. Qxc4 h5 31. Qxa6 Qxc3 32. Qxd6 Qc2 33. Qd5 h4 34. a3 Qc1 35. Qe5+ Kg8 36. a4 Qc2 37. a5 Qe2 38. Qf5 Kf8 39. Qd5 Kg7 40. Qc6 Qd2 41. Qc7 Qe2 42. Qc3+ Kg8 43. Qc8+ Kh7 44. Qf5+ Kh8 45. e5 Qb5 46. Qf6+ Kg8 47. a6 Qd5+ 48. Kh2 Qa2 49. Kg1 Qb1+ 50. Kg2 Qe4+ 51. Kh2 Qe2 52. Qd8+ Kg7 53. Qxh4 Qxa6 54. Qf6+ Qxf6 55. exf6+ Kxf6 56. Kg3 Kf5 57. Kf3 f6 58. Kg3 Kg6 59. Kg4 f5+ 60. Kf3 Kh5 61. Ke3 Kh4 62. Kd4 Kxh3 63. Ke5 1-0


[Site "https://www.chess.com"]

[Event "Titled Tuesday Blitz February 01 A 2022"]
[White "Wieczorek, Oskar"]
[Black "Rustemov, Alexander"]
[WhiteFideId "1133950"]
[BlackFideId "4119002"]
[WhiteElo "2319"]
[BlackElo "2780"]
[Result "0-1"]
[Round "08"]
[TimeControl "180+1"]
[Date "2022.02.01"]
[WhiteClock "0:00:18"]
[BlackClock "0:01:08"]

1. e4 e6 2. d4 d5 3. Nd2 dxe4 4. Nxe4 Bd7 5. Nf3 Bc6 6. Bd3 Nd7 7. O-O Ngf6 8. Ng3 Be7 9. Re1 O-O 10. c3 b6 11. a4 Bb7 12. a5 c5 13. a6 Bxf3 14. Qxf3 cxd4 15. cxd4 Rc8 16. Bd2 Nd5 17. Rec1 N7f6 18. Ne4 Qd7 19. Nc3 Nb4 20. Bb5 Qd6 21. Bf4 Qxd4 22. Be3 Qh4 23. Qb7 Ng4 24. h3 Nxe3 25. fxe3 Bc5 26. Qf3 Qg5 27. Kf2 Rfd8 28. Ne4 Qe5 29. Rc4 Qxb2+ 0-1


[Site "https://www.chess.com"]

[Event "Titled Tuesday Blitz February 01 A 2022"]
[White "Willow, Jonah B"]
[Black "Murzin, Volodar"]
[WhiteFideId "438804"]
[BlackFideId "44155573"]
[WhiteElo "2863"]
[BlackElo "2736"]
[Result "1-0"]
[Round "08"]
[TimeControl "180+1"]
[Date "2022.02.01"]
[WhiteClock "0:01:38"]
[BlackClock "0:00:01"]

1. e4 c5 2. Nf3 d6 3. Nc3 Nf6 4. e5 dxe5 5. Nxe5 e6 6. Bb5+ Bd7 7. Qf3 Qc7 8. Nxd7 Nbxd7 9. O-O Bd6 10. h3 O-O 11. Bxd7 Qxd7 12. d3 Rfe8 13. Bg5 Nd5 14. Rfe1 Nb4 15. Rac1 Nc6 16. Ne4 b6 17. c3 Be7 18. Bxe7 Rxe7 19. Rcd1 e5 20. Ng3 Rd8 21. Nf5 Re6 22. Qg4 Rg6 23. Qe4 Rf6 24. Ng3 g6 25. Qh4 Rf4 26. Qh6 Qe7 27. Nh5 gxh5 28. Qxc6 Rf6 29. Qe4 Re6 30. Qf5 h4 31. Re4 Kh8 32. Rg4 Rg6 33. Re1 Rxg4 34. hxg4 f6 35. g5 fxg5 36. Rxe5 Qg7 37. Re6 Rf8 38. Qe4 Qf7 39. Qe3 Qf4 40. Re7 Qxe3 41. fxe3 1-0


[Site "https://www.chess.com"]

[Event "Titled Tuesday Blitz February 01 A 2022"]
[White "Xiong, Jeffery"]
[Black "Aravindh, Chithambaram VR."]
[WhiteFideId "2047640"]
[BlackFideId "5072786"]
[WhiteElo "3016"]
[BlackElo "2865"]
[Result "1-0"]
[Round "08"]
[TimeControl "180+1"]
[Date "2022.02.01"]
[WhiteClock "0:00:07"]
[BlackClock "0:00:01"]

1. d4 e6 2. e4 d5 3. exd5 exd5 4. Nf3 Nf6 5. Bd3 Bd6 6. Qe2+ Be7 7. O-O O-O 8. Re1 Nc6 9. Bg5 Bg4 10. c3 Re8 11. Nbd2 h6 12. Bh4 Nh5 13. Bxe7 Rxe7 14. Qf1 Nf4 15. Bb5 Bf5 16. Re3 Rxe3 17. fxe3 Ng6 18. Bxc6 bxc6 19. Re1 Qe7 20. Ne5 Nxe5 21. Qxf5 Ng6 22. e4 Re8 23. e5 Nf8 24. Rf1 Ne6 25. Nb3 c5 26. Na5 cxd4 27. Nc6 Qd7 28. Nxd4 c5 29. Nf3 Qe7 30. h4 Rd8 31. Ne1 c4 32. Nc2 d4 33. Nb4 Qd7 34. Qe4 a5 35. Nc6 d3 36. Nxd8 Qxd8 37. Qxc4 d2 38. Rd1 Qb6+ 39. Kf1 Qxb2 40. Ke2 Qb7 41. Kf2 Qb6+ 42. Kf1 Qe3 43. Qe2 Qxc3 44. Rxd2 g6 45. Qe1 Kg7 46. Rf2 Qc4+ 47. Kg1 Qg4 48. Qf1 Qd4 49. Kh1 Qxh4+ 50. Kg1 Qd4 51. Qe1 Ng5 52. Kh1 Qh4+ 53. Kg1 Qd4 54. Kf1 Ne4 55. Re2 Ng5 56. Qxa5 Qf4+ 57. Rf2 Qc4+ 58. Kg1 Qc1+ 59. Kh2 Qe3 60. Rf1 Qe4 61. Qe1 Qd4 62. Qg3 Ne6 63. a3 h5 64. Kh1 h4 65. Qf2 Qd7 66. Qf6+ Kg8 67. Qxh4 Ng7 68. Qh3 Nf5 69. Qf3 Qe6 70. Qf4 Kg7 71. a4 Qe8 72. Rf3 Qh8+ 73. Kg1 Qb8 74. Kh2 Qh8+ 75. Rh3 Qd8 76. g4 Qd1 77. gxf5 Qe2+ 78. Kg3 Qe1+ 79. Qf2 Qxe5+ 80. Kg2 Qe4+ 81. Rf3 g5 82. Qe3 Qc2+ 83. Kg3 Kf6 84. Qd4+ Ke7 85. Re3+ Kf8 86. Qh8# 1-0


[Site "https://www.chess.com"]

[Event "Titled Tuesday Blitz February 01 A 2022"]
[White "Abdrlauf, Elham"]
[Black "Narayanan.S.L"]
[WhiteFideId "1533533"]
[BlackFideId "5058422"]
[WhiteElo "2334"]
[BlackElo "2494"]
[Result "0-1"]
[Round "09"]
[TimeControl "180+1"]
[Date "2022.02.01"]
[WhiteClock "0:00:02"]
[BlackClock "0:01:17"]

1. e4 c5 2. Nf3 d6 3. d4 cxd4 4. Nxd4 Nf6 5. Nc3 a6 6. Bc4 e6 7. Bb3 Nbd7 8. f4 Nc5 9. f5 Be7 10. Qf3 Qc7 11. Be3 b5 12. fxe6 fxe6 13. e5 dxe5 14. Ndxb5 axb5 15. Qxa8 O-O 16. Nxb5 Qd7 17. Qa7 Qxb5 18. Qxe7 Qb4+ 19. Kd1 Nfe4 20. c3 Qb5 21. c4 Qc6 22. Kc2 Rf7 23. Qh4 Ba6 24. Rad1 h6 25. Rhf1 Rxf1 26. Rxf1 Nxb3 27. axb3 Bxc4 28. Qe1 Bxf1+ 0-1


[Site "https://www.chess.com"]

[Event "Titled Tuesday Blitz February 01 A 2022"]
[White "Agibileg, Uurtsaikh"]
[Black "Santos Ruiz, Miguel"]
[WhiteFideId "4901606"]
[BlackFideId "22291482"]
[WhiteElo "2205"]
[BlackElo "2486"]
[Result "0-1"]
[Round "09"]
[TimeControl "180+1"]
[Date "2022.02.01"]
[WhiteClock "0:00:04"]
[BlackClock "0:00:23"]

1. d4 Nf6 2. c4 b6 3. f3 Nc6 4. d5 Ne5 5. e4 e6 6. Nc3 Bc5 7. Bf4 Ng6 8. Bg3 Nh5 9. Bf2 Bxf2+ 10. Kxf2 Qh4+ 11. g3 Nxg3 12. hxg3 Qxh1 13. Nh3 O-O 14. Ne2 h5 15. Qd2 h4 16. Qg5 exd5 17. gxh4 dxe4 18. Bg2 Qxa1 19. h5 Nh8 20. h6 Qxb2 21. h7+ Kxh7 22. Qh5+ Kg8 23. Ng5 Re8 24. Qh7+ Kf8 25. Qxh8+ Ke7 26. Qh4 Qf6 27. Qxe4+ Kd8 28. Qd5 c6 29. Nxf7+ Ke7 30. Qh5 Qxf7 31. Qh4+ Qf6 32. Qe4+ Kd8 33. Qd3 Rxe2+ 34. Qxe2 Kc7 0-1


[Site "https://www.chess.com"]

[Event "Titled Tuesday Blitz February 01 A 2022"]
[White "Ambartsumova, Karina"]
[Black "Szpar, Milosz"]
[WhiteFideId "4166299"]
[BlackFideId "1184989"]
[WhiteElo "2262"]
[BlackElo "2447"]
[Result "0-1"]
[Round "09"]
[TimeControl "180+1"]
[Date "2022.02.01"]
[WhiteClock "0:00:04"]
[BlackClock "0:02:23"]

1. d4 Nf6 2. Nf3 e6 3. c4 c5 4. g3 cxd4 5. Nxd4 d5 6. Bg2 e5 7. Nc2 d4 8. O-O Nc6 9. a3 Be7 10. b4 O-O 11. Nd2 Be6 12. Bb2 Qc7 13. c5 a5 14. Nf3 Rfd8 15. Qc1 Nd5 16. Qd2 f6 17. Nh4 b5 18. Be4 Bf8 19. Qd3 g6 20. Qxb5 f5 21. Bg2 Rab8 22. Qd3 e4 23. Qd2 axb4 24. axb4 Ndxb4 25. Nxd4 Nxd4 26. Bxd4 Nc6 27. e3 Bg7 28. Bh3 Nxd4 29. exd4 Bxd4 30. Qh6 Bxa1 31. Rxa1 Qg7 32. Qxg7+ Kxg7 33. Rc1 Rbc8 34. Ng2 Kf6 35. Ne3 Rc6 36. Bf1 Rdc8 37. Rb1 Rxc5 38. Rb6 R8c6 39. Rb8 g5 40. Rh8 f4 41. Ng2 Rc1 42. gxf4 gxf4 43. Nxf4 Bc4 44. Rxh7 Bxf1 45. Rh6+ Ke5 46. Rxc6 Rxc6 0-1


[Site "https://www.chess.com"]

[Event "Titled Tuesday Blitz February 01 A 2022"]
[White "Andreikin, Dmitry"]
[Black "Shimanov, Aleksandr"]
[WhiteFideId "4158814"]
[BlackFideId "4198603"]
[WhiteElo "2736"]
[BlackElo "2636"]
[Result "1/2-1/2"]
[Round "09"]
[TimeControl "180+1"]
[Date "2022.02.01"]
[WhiteClock "0:00:05"]
[BlackClock "0:00:08"]

1. d4 d5 2. Nf3 Nf6 3. Bf4 c5 4. e3 Nc6 5. Nbd2 Bg4 6. c3 e6 7. Bb5 Nd7 8. Qa4 Qc8 9. e4 a6 10. Be2 Be7 11. exd5 Nb6 12. Qd1 Nxd5 13. Bg3 cxd4 14. cxd4 O-O 15. Rc1 Qd8 16. O-O Bf6 17. Ne4 Bxf3 18. Nxf6+ Qxf6 19. Bxf3 Nxd4 20. Bxd5 exd5 21. Rc7 b5 22. h3 Ne6 23. Rc6 Qxb2 24. Qxd5 Rfd8 25. Rd6 Rac8 26. Qb7 Qxa2 27. Rxa6 Qc4 28. Rb6 Nd4 29. Re1 h6 30. Kh2 Re8 31. Rxe8+ Rxe8 32. Qd7 Ra8 33. Be5 Ne6 34. Qxb5 Qxb5 35. Rxb5 Rc8 36. Bg3 Kh7 37. Rb2 g5 38. Rd2 Kg6 39. Be5 Rc4 40. Bb2 h5 41. Re2 h4 42. Rd2 Kf5 43. Rd5+ Kg6 44. Be5 Rc5 45. Rxc5 Nxc5 46. g4 hxg3+ 47. fxg3 f5 48. Bd6 Ne4 49. Bb8 Nf6 50. Kg2 Ne4 51. Kf3 Nf6 1/2-1/2


[Site "https://www.chess.com"]

[Event "Titled Tuesday Blitz February 01 A 2022"]
[White "Aravindh, Chithambaram VR."]
[Black "Kamsky, Gata"]
[WhiteFideId "5072786"]
[BlackFideId "2000024"]
[WhiteElo "2561"]
[BlackElo "2645"]
[Result "1/2-1/2"]
[Round "09"]
[TimeControl "180+1"]
[Date "2022.02.01"]
[WhiteClock "0:00:05"]
[BlackClock "0:00:17"]

1. b3 d5 2. Bb2 Nf6 3. Nf3 Bf5 4. g3 e6 5. Bg2 h6 6. O-O Be7 7. d3 Bh7 8. Nbd2 O-O 9. e4 c5 10. Ne5 Nbd7 11. Nxd7 Qxd7 12. e5 Ne8 13. f4 Nc7 14. Kh1 b5 15. Rf2 Rad8 16. d4 b4 17. a4 bxa3 18. Bxa3 cxd4 19. Bxe7 Qxe7 20. Nf3 Nb5 21. Bf1 d3 22. Bxd3 Bxd3 23. Qxd3 Qc5 24. Rg2 Nc3 25. Qd4 Qxd4 26. Nxd4 Rd7 27. Ra5 Rc8 28. Rg1 Rb7 29. Re1 Rcc7 30. Kg2 Rb6 31. Nf3 Nb5 32. Re2 a6 33. Ne1 Rbc6 34. Rd2 f6 35. exf6 gxf6 36. Ra2 Nc3 37. Ra1 Ne4 38. Re2 Kf7 39. Kg1 Nc3 40. Rd2 Nb5 41. Ra4 d4 42. Ra1 h5 43. Ra2 Kg6 44. Nd3 Rd6 45. Ra1 Kf5 46. Kg2 Nc3 47. Re1 Nd5 48. h3 Ne3+ 49. Kf3 Rxc2 50. g4+ hxg4+ 51. hxg4+ Kg6 52. Rxc2 Nxc2 53. Rxe6 Rxe6 54. f5+ Kf7 55. fxe6+ Kxe6 56. Ke4 a5 57. Nc5+ Ke7 58. Kd3 Ne3 59. Kxd4 Nxg4 60. Nb7 f5 61. Nxa5 Kd6 62. Nc4+ Kc6 63. Ne5+ Kb5 64. Nxg4 fxg4 65. Ke3 Kb4 66. Kf2 Kxb3 67. Kg3 Kc3 68. Kxg4 1/2-1/2


[Site "https://www.chess.com"]

[Event "Titled Tuesday Blitz February 01 A 2022"]
[White "Bluebaum, Matthias"]
[Black "Bortnyk, Olexandr"]
[WhiteFideId "24651516"]
[BlackFideId "14120828"]
[WhiteElo "2550"]
[BlackElo "2723"]
[Result "0-1"]
[Round "09"]
[TimeControl "180+1"]
[Date "2022.02.01"]
[WhiteClock "0:00:03"]
[BlackClock "0:00:09"]

1. d4 g6 2. c4 Bg7 3. e4 c6 4. Nc3 d6 5. Nf3 Bg4 6. Be3 Bxf3 7. gxf3 Nd7 8. f4 e5 9. fxe5 dxe5 10. dxe5 Nxe5 11. Be2 Qe7 12. Qc2 Rd8 13. O-O Nf6 14. h3 Qe6 15. Kg2 Nxc4 16. Bxa7 O-O 17. Rad1 Rxd1 18. Rxd1 Nxb2 19. Qxb2 Nxe4 20. Bd4 Bxd4 21. Rxd4 Nxc3 22. Bc4 Nd5 23. Qxb7 Qf6 24. Re4 Nf4+ 25. Kh2 Nxh3 26. Qb6 Nxf2 27. Re2 Ng4+ 28. Kg3 Ne5 29. Qd4 Qf3+ 30. Kh2 Nxc4 31. Qxc4 Rd8 32. Rg2 Qh5+ 33. Kg1 Rd1+ 34. Kf2 Qf5+ 35. Kg3 Rd3+ 36. Kh2 Qh3+ 37. Kg1 Rd1+ 38. Kf2 Rd2+ 39. Ke1 Rxg2 0-1


[Site "https://www.chess.com"]

[Event "Titled Tuesday Blitz February 01 A 2022"]
[White "Caruana, Fabiano"]
[Black "Kravtsiv, Martyn"]
[WhiteFideId "2020009"]
[BlackFideId "14113147"]
[WhiteElo "2744"]
[BlackElo "2694"]
[Result "1-0"]
[Round "09"]
[TimeControl "180+1"]
[Date "2022.02.01"]
[WhiteClock "0:01:28"]
[BlackClock "0:00:17"]

1. Nf3 d5 2. b3 Bg4 3. Bb2 Nc6 4. e3 Nf6 5. h3 Bh5 6. g4 Bg6 7. d3 Qd7 8. Nbd2 O-O-O 9. Bg2 e6 10. Qe2 Bd6 11. a3 h6 12. b4 Kb8 13. Nb3 Rhe8 14. b5 Ne7 15. a4 Nc8 16. Ne5 Bxe5 17. Bxe5 Qe7 18. O-O h5 19. Rfb1 hxg4 20. hxg4 Rh8 21. a5 Rh4 22. Nd4 Nxg4 23. Bg3 Rdh8 24. b6 axb6 25. axb6 e5 26. bxc7+ Qxc7 27. Bxd5 Nd6 28. Nc6+ Kc8 29. Ra8+ Kd7 30. Rxh8 Rxh8 31. Qxg4+ Bf5 32. Nxe5+ 1-0


[Site "https://www.chess.com"]

[Event "Titled Tuesday Blitz February 01 A 2022"]
[White "Corrales Jimenez, Fidel"]
[Black "Willow, Jonah B"]
[WhiteFideId "3506690"]
[BlackFideId "438804"]
[WhiteElo "2541"]
[BlackElo "2261"]
[Result "1-0"]
[Round "09"]
[TimeControl "180+1"]
[Date "2022.02.01"]
[WhiteClock "0:00:11"]
[BlackClock "0:00:02"]

1. e4 c5 2. Nf3 Nc6 3. d4 cxd4 4. Nxd4 g6 5. c4 Nf6 6. Nc3 d6 7. Be2 Nxd4 8. Qxd4 Bg7 9. Be3 O-O 10. Qd2 a5 11. O-O a4 12. f4 Qa5 13. Rad1 Bd7 14. e5 dxe5 15. fxe5 Qxe5 16. Bd4 Qa5 17. Bxf6 Bxf6 18. Qxd7 Qb6+ 19. Rf2 Rfd8 20. Nd5 Rxd7 21. Nxb6 Rxd1+ 22. Bxd1 Rd8 23. Bxa4 Bd4 24. Nd7 Ra8 25. b3 Ra5 26. Kf1 Bxf2 27. Kxf2 Kg7 28. c5 f5 29. Ke3 e5 30. Kd3 g5 31. Kc4 e4 32. Kd4 h5 33. g3 Kh6 34. Ne5 Ra8 35. h4 gxh4 36. gxh4 Rd8+ 37. Bd7 Kg7 38. b4 Kf6 39. b5 e3 40. c6 bxc6 41. bxc6 e2 42. Nf3 Ke7 43. Ke3 Ra8 44. Bxf5 Kd6 45. Be4 Rxa2 46. Kf2 Ra4 47. Ng5 Rc4 48. Kxe2 Ke5 49. Kd3 Rc1 50. Nf3+ Kf4 51. Nd2 Rc5 52. Nc4 Kg3 53. Kd4 Rb5 54. c7 1-0


[Site "https://www.chess.com"]